Get step-by-step instructions on how to execute this build order below. Start the game timer, and the build order will tick by so you can play in parallel with StarCraft on a second screen or mobile device.

Game Time

  0:00

Last Step

  N/A

Next Step

  12  0:01  Drone  

Upcoming Step

  13  0:12  Overlord  

Don't want to look back and forth between 2 screens? Try out our Overwolf App, the Spawning Tool Build Advisor to get an in-game overlay with this build!

Complete Build Order

  12  0:01  Drone  
  13  0:12  Overlord  
  13  0:18  Drone  
  14  0:31  Drone x2  
  14  0:35  Drone  
  17  0:54  Hatchery  
  16  0:58  Drone  
  16  1:00  Drone  
  18  1:14  Spawning Pool  
  17  1:22  Drone  
  17  1:23  Drone  
  19  1:32  Extractor  
  18  1:38  Drone  
  19  1:46  Hatchery  
  18  1:52  Drone x2  
  20  2:04  Queen  
  22  2:11  Queen  
  24  2:17  Zergling x2  
  24  2:19  Zergling x2  
  26  2:23  Drone  
  26  2:28  Overlord  
  27  2:31  Drone  
  28  2:43  Lair  
  28  2:49  Queen  
  30  2:56  Overlord  
  30  2:58  Drone  
  31  3:07  Queen  
  32  3:16  Spore Crawler  
  30  3:26  Queen  
  31  3:32  Zergling x2  
  31  3:33  Zergling x6  
  35  3:42  Queen  
  37  3:50  Nydus Network  
  36  4:00  Queen  
  38  4:12  Zergling x2  
  38  4:13  Zergling x6  
  42  4:32  Nydus Canal  
  42  4:36  Spore Crawler  
  42  4:37  Zergling x8  
  45  5:05  Zergling x6  
  45  5:06  Zergling x2  
  46  5:28  Zergling x8  
  42  5:53  Zergling x6  
  42  5:54  Zergling x12  
  41  6:46  Queen  
  41  7:00  Queen  
  42  7:07  Queen, Roach Warren  
  40  7:23  Zergling x2  
  40  7:24  Zergling x4  
  37  8:19  Zergling x16  
  42  8:20  Zergling x2  
  32  8:43  Drone  
  32  8:44  Drone x5, Queen  
  32  8:47  Queen  
  38  8:48  Hydralisk Den  
  38  8:49  Queen  
  39  8:59  Spire  
  39  9:01  Extractor x2  
  37  9:03  Extractor  
  37  9:08  Drone x6  
  42  9:16  Overlord x3  
  42  9:35  Drone x6  
  42  9:37  Metabolic Boost  
  48  9:44  Extractor  
  47  9:52  Drone  
  48  10:10  Mutalisk x4  
  48  10:11  Mutalisk  
  58  10:17  Mutalisk  
  60  10:30  Mutalisk  
  60  10:31  Mutalisk  
  60  10:33  Mutalisk  
  66  10:49  Overlord x2  
  66  11:14  Mutalisk x5  
  75  11:32  Mutalisk x2  
  67  11:35  Zergling x6  
  64  11:50  Mutalisk  
  64  11:51  Mutalisk  
  61  11:54  Zergling x2  
  61  11:55  Zergling x4